 Dungeon Crawl Stone Soup version 0.25.1-2-g60ff931df9 (webtiles) character file.

Game seed: 2311341523268482385

39 solopath the Slasher (level 3, -6/27 HPs)
             Began as a Demonspawn Gladiator on Oct 21, 2020.
             Mangled by a goblin
             ... wielding a +0 dagger of electrocution
             ... led by Robin
              (14 damage)
             ... on level 2 of the Dungeon.
             The game lasted 00:01:55 (1297 turns).

solopath the Slasher (Demonspawn Gladiator)         Turns: 1297, Time: 00:01:56

Health: -6/27      AC:  8    Str: 14    XL:     3   Next: 26%
Magic:  3/3        EV: 13    Int: 10    God:
Gold:   44         SH:  0    Dex: 14    Spells: 2/2 levels left

rFire    + . .     SeeInvis .   a - +0 long sword
rCold    x . .     Gourm    .   (no shield)
rNeg     . . .     Faith    .   b - +0 leather armour
rPois    .         Spirit   .   c - +0 helmet
rElec    .         Reflect  .   (no cloak)
rCorr    .         Harm     .   k - +0 pair of gloves
MR       .....                  l - +0 pair of boots
Stlth    +.........             (no amulet)
HPRegen  0.09/turn              j - ring of fire
MPRegen  0.08/turn              (no ring)

@: no status effects
A: slimy green scales 1, powered by pain 1
a: no special abilities


You were on level 2 of the Dungeon.
You were not hungry.

You visited 1 branch of the dungeon, and saw 2 of its levels.

You collected 44 gold pieces.

Inventory:

Hand Weapons
 a - a +0 long sword (weapon)
Missiles
 d - 3 throwing nets (quivered)
Armour
 b - a +0 leather armour (worn)
 c - a +0 helmet (worn)
 k - a +0 pair of gloves (worn)
 l - a +0 pair of boots (worn)
Jewellery
 j - a ring of fire (left hand)
Scrolls
 e - a scroll of enchant armour {unknown}
 h - 2 scrolls of identify {unknown}
 i - a scroll of immolation {unknown}
Comestibles
 f - 2 rations
 g - 2 chunks of flesh


   Skills:
 - Level 2.0 Fighting
 * Level 3.3 Long Blades
 - Level 1.7 Throwing
 + Level 3.1 Dodging
 + Level 1.1 Stealth


You had 2 spell levels left.
You didn't know any spells.
Your spell library was empty.

Dungeon Overview and Level Annotations

Branches:
Dungeon (2/15)

Altars:

Annotations:
D:2 Robin


Innate Abilities, Weirdness & Mutations

You are partially covered in slimy green scales. (AC +2)
You sometimes gain a little power by taking damage.


Message History

The goblin is severely wounded.
You hit the goblin.
You kill the goblin!
Robin points. "Kill!"
The goblin barely misses you.
You riposte.
You slash the goblin!
You kill the goblin!
You hit Robin.
Robin is moderately wounded.
Robin throws the goblin at you!
You hit Robin but do no damage.
Robin is moderately wounded.
The goblin hits you with a +0 dagger of electrocution.
Robin closely misses you.
You hit Robin but do no damage.
Robin is moderately wounded.
The goblin hits you with a +0 dagger of electrocution.
* * * LOW HITPOINT WARNING * * *
You are electrocuted!
Ouch! That really hurt!
You die... ###### ..... ##.... #.... #g.. #Kg

#..#g#
#..#@#
#..#g#
#..#)#
#..#.#
#..#.#
#..#.#
##..#.#
#<..#.#
#...#.#


You could see Robin, 3 goblins and a kobold.

Vanquished Creatures
  An ooze (D:1)
  2 ball pythons (D:1)
  4 bats (D:1)
  A giant cockroach (D:1)
  8 goblins
  6 hobgoblins
  4 kobolds
  A frilled lizard (D:1)
  3 rats (D:1)
30 creatures vanquished.

Notes
Turn   | Place    | Note
-------+----------+-------------------------------------------
     0 | D:1      | solopath the Demonspawn Gladiator began the quest for the
                  | Orb.
     0 | D:1      | Reached XP level 1. HP: 16/16 MP: 1/1
   547 | D:1      | Gained mutation: You are partially covered in slimy green
                  | scales. (AC +2) [demonic ancestry]
   547 | D:1      | Reached XP level 2. HP: 21/22 MP: 2/2
  1070 | D:1      | Reached skill level 1 in Stealth
  1271 | D:2      | Noticed Robin
  1273 | D:2      | Gained mutation: You sometimes gain a little power by
                  | taking damage. [demonic ancestry]
  1273 | D:2      | Reached XP level 3. HP: 27/27 MP: 3/3
  1297 | D:2      | Mangled by a goblin

Illustrated notes

Levels and vault maps discovered:
D:1:      minmay_arrival_shattered_statue, layout_basic
D:2:      layout_basic, grunt_temple_overflow_holy_war, uniq_robin

Skill      XL: |  1  2 |
---------------+-------+-----
Long Blades    | 3 |  3.3
Dodging        | 3 |  3.1
Stealth        | 1 |  1.1
Fighting       | |  2.0
Throwing       | |  1.7

Action                   || total
-------------------------++-------
Melee: Long sword        ||    75
 Stab: Sleeping          ||     1
  Eat: Chunk             ||     1
Armor: Leather armour    ||    28
Dodge: Dodged            ||    80
       Rpst.: Long sword ||    29
